 Dungeon Crawl Stone Soup version 0.31-a0-971-g75a2e9a4b4 (webtiles) character file.

Game seed: 13649219924173408932

140133 serber55 the Frost Mage (level 16, -3/132 HPs)
             Began as a Demonspawn Ice Elementalist on Oct 28, 2023.
             Was a High Priest of Vehumet.
             Killed from afar by SirDiesAlot's ghost (19 damage)
             ... with a vortex
             ... on level 4 of the Swamp.
             The game lasted 02:14:51 (31364 turns).

serber55 the Frost Mage (DsIE)                     Turns: 31364, Time: 02:14:52

Health: -3/132     AC: 15    Str: 11    XL:     16   Next: 45%
Magic:  32/32      EV: 20    Int: 29    God:    Vehumet [*****.]
Gold:   1441       SH:  0    Dex: 15    Spells: 14/40 levels left

rFire   . . .        R - +6 demon trident
rCold   . . .        (no shield)
rNeg    . . .        Y - +0 swamp dragon scales
rPois   +            q - +2 hat {Stlth+}
rElec   .            U - +1 cloak
rCorr   .            (gloves unavailable)
SInv    +            x - +0 pair of boots
Will    +....        k - amulet "Kotrenan" {Reflect Int+2 SH+5}
Stlth   +            E - +5 ring of evasion
HPRegen 0.42/turn    m - +6 ring of intelligence
MPRegen 0.23/turn

%: reflection
@: confused, ambrosia-drunk, flying (expiring), studying Ranged Weapons
A: large bone plates 3, ignite blood 3, powered by death 2, demonic touch 3,
antennae 1, see invisible, wild magic 2
}: 1/15 runes: decaying
a: Renounce Religion


You were on level 4 of the Swamp.
You worshipped Vehumet.
Vehumet was extremely pleased with you.
You visited 5 branches of the dungeon, and saw 27 of its levels.

You collected 2219 gold pieces.
You spent 778 gold pieces at shops.

Inventory:

Hand Weapons
 R - a +6 demon trident (weapon)
Missiles
 o - 41 poisoned darts (quivered)
Armour
 q - a +2 hat of stealth (worn)
 x - a +0 pair of boots (worn)
 y - the +3 leather armour "Weliwiji" {Will+}
   (You found it on level 13 of the Dungeon)

   Will+:     It increases your willpower.
 K - +0 fire dragon scales
 U - a +1 cloak (worn)
 Y - +0 swamp dragon scales (worn)
Jewellery
 d - a ring of resist corrosion
 j - a ring of positive energy
 k - the amulet "Kotrenan" (around neck) {Reflect Int+2 SH+5}
   (You bought it in a shop on level 7 of the Dungeon)

   [amulet of reflection]

   Reflect:   It reflects blocked missile attacks.
   Int+2:     It affects your intelligence (+2).
   SH+5:      It affects your SH (+5).
 m - a +6 ring of intelligence (right hand)
 E - a +5 ring of evasion (left hand)
 I - a ring of protection from cold
 N - a ring of flight
 X - a +4 ring of slaying
Wands
 b - a wand of digging (9)
 f - a wand of acid (7)
 z - a wand of flame (32)
 D - a wand of iceblast (10)
 J - a wand of mindburst (9)
Scrolls
 c - a scroll of summoning
 e - 6 scrolls of amnesia
 h - 2 scrolls of silence
 l - 3 scrolls of vulnerability
 n - 5 scrolls of blinking
 p - 7 scrolls of poison
 r - 5 scrolls of revelation
 s - 7 scrolls of identify
 C - 5 scrolls of teleportation
 L - a scroll of fog
 O - 4 scrolls of fear
 Q - a scroll of enchant armour
 W - 3 scrolls of immolation
Potions
 a - 4 potions of brilliance
 i - 3 potions of enlightenment
 t - 6 potions of cancellation
 u - 12 potions of curing
 v - 9 potions of ambrosia
 w - 5 potions of berserk rage
 A - 4 potions of invisibility
 G - 3 potions of might
 H - 2 potions of mutation
 M - 5 potions of heal wounds
 S - a potion of haste
 T - 4 potions of lignification
 Z - a potion of resistance


   Skills:
 + Level 13.9 Fighting
 + Level 11.0 Polearms
 + Level 8.3 Armour
 - Level 10.0 Dodging
 - Level 1.7 Stealth
 + Level 12.9 Spellcasting
 - Level 3.0 Summonings
 + Level 14.0 Ice Magic


You had 14 spell levels left.
You knew the following spells:

 Your Spells              Type           Power      Damage    Failure   Level
a - Freeze                Ice            100%       1d10      1%          1
b - Frozen Ramparts       Ice            100%       1d16      1%          3
c - Ozocubu's Armour      Ice            100%       N/A       1%          3
d - Summon Ice Beast      Ice/Summ       83%        N/A       5%          4
e - Hailstorm             Conj/Ice       76%        3d16      1%          3
f - Ozocubu's Refrigerat  Ice            51%        4d18      9%          7
g - Freezing Cloud        Conj/Ice/Air   32%        6-21      12%         5

Your spell library contained the following spells:

 Spells                   Type           Power      Damage    Failure   Level
 Bombard                  Conj/Erth      15%        9d3       94%         6
 Kiss of Death            Conj/Necr      100%       2d13      4%          1
 Summon Small Mammal      Summ           100%       N/A       5%          1
 Ignite Poison            Fire/Tmut/Pois 30%        N/A       9%          3
 Volatile Blastmotes      Fire/Tloc      60%        2d15      9%          3
 Call Canine Familiar     Summ           55%        N/A       12%         3
 Apportation              Tloc           60%        N/A       14%         1
 Slow                     Hex            100%       N/A       14%         1
 Cigotuvi's Dreadful Rot  Necr/Pois/Air  60%        N/A       19%         2
 Jinxbite                 Hex            60%        N/A       19%         2
 Lesser Beckoning         Tloc           60%        N/A       19%         2
 Metabolic Englaciation   Hex/Ice        38%        N/A       19%         5
 Summon Guardian Golem    Hex/Summ       43%        N/A       21%         3
 Fulminant Prism          Conj/Hex       15%        3d10      24%         4
 Iskenderun's Mystic Bla  Conj/Tloc      30%        2d8       24%         4
 Confusing Touch          Hex            30%        N/A       32%         3
 Gell's Gravitas          Tloc           30%        N/A       32%         3
 Sigil of Binding         Hex            30%        N/A       32%         3
 Teleport Other           Tloc           30%        N/A       32%         3
 Vampiric Draining        Necr           30%        2d8       32%         3
 Arcjolt                  Conj/Air       15%        1d25      50%         5
 Simulacrum               Ice/Necr       38%        N/A       61%         6
 Dispel Undead            Necr           30%        3d14      67%         4
 Vhi's Electric Charge    Tloc/Air       60%        N/A       67%         4
 Summon Forest            Summ/Tloc      21%        N/A       80%         5
 Summon Mana Viper        Hex/Summ       43%        N/A       80%         5
 Alistair's Intoxication  Tmut/Pois      20%        N/A       93%         5
 Borgnjor's Vile Clutch   Necr/Erth      15%        N/A       93%         5
 Eringya's Noxious Bog    Tmut/Pois      15%        4d6       94%         6
 Summon Cactus Giant      Summ           27%        N/A       98%         6
 Death Channel            Necr           15%        N/A       100%        6
 Malign Gateway           Summ/Tloc      21%        N/A       100%        7
 Maxwell's Capacitive Co  Air            15%        ∞         100%        8
 Summon Horrible Things   Summ           27%        N/A       100%        8


Dungeon Overview and Level Annotations

Branches:
Dungeon (15/15)            Temple (1/1) D:6            Lair (5/5) D:9
  Swamp (4/4) Lair:3        Snake (0/4) Lair:2        Slime (0/5) Lair:4
    Orc (2/2) D:10            Elf (0/3) Orc:2        Vaults (0/5) D:14
 Depths (0/4) D:15

Altars:
Ashenzari
Cheibriados
Dithmenos
Fedhas
Gozag
Hepliaklqana
Kikubaaqudgha
Makhleb
Nemelex Xobeh
Okawaru
Qazlal
Ru
Sif Muna
Trog
Uskayaw
Vehumet
Wu Jian
Xom
Yredelemnul

Shops:
D:4 :=   D:5 **[   D:6 *   D:7 ==!   D:8 (   D:9 :=:?*   D:10 [(   Orc:2 *:[(:
Swamp:3 *

Annotations:
Swamp:4 SirDiesAlot's ghost, adept BaIE


Innate Abilities, Weirdness & Mutations

You are completely covered in large bone plates. (SH +8)
Your demonic aura causes all spilled blood to erupt in flames.
You regenerate health from kills.
Your touch may irresistibly damage your foes and sap their willpower.
You have a pair of small antennae on your head.
You have supernaturally acute eyesight. (SInv)
Your spells are harder to cast, but more powerful.


Message History

SirDiesAlot's ghost gestures wildly while chanting.
A freezing vortex appears around SirDiesAlot's ghost!
Your Polearms skill increases to level 11!
Your icy armour cracks and falls away as you move.
Your ice beast hits SirDiesAlot's ghost.
Your ice beast freezes SirDiesAlot's ghost!!
SirDiesAlot's ghost is frozen!
Casting: Ozocubu's Refrigeration (dangerous; 9% risk of failure)
Confirm with . or Enter, or press ? or * to list all spells.
A film of ice covers your body! The freezing vortex lifts you up.
You fly up into the air.
* * * LOW HITPOINT WARNING * * *
Your icy armour cracks and falls away as you move.
SirDiesAlot's ghost hits you but does no damage.
Your ice beast hits SirDiesAlot's ghost.
Your ice beast freezes SirDiesAlot's ghost!!
SirDiesAlot's ghost is frozen!
You are confused.
You feel invigorated.
You are engulfed in whirling frost.
* * * LOW HITPOINT WARNING * * *
SirDiesAlot's ghost freezes your ice beast.
Your ice beast is frozen.
Your ice beast completely resists.
Your ice beast misses SirDiesAlot's ghost.
You feel much better.
You are engulfed in whirling frost.
* * * LOW HITPOINT WARNING * * *
Your ice beast dies!
Your ice beast disappears in a puff of smoke!
SirDiesAlot's ghost misses you.
Unknown command.
Press < or > to pray at altars.
You feel much better.
You are engulfed in whirling frost.
* * * LOW HITPOINT WARNING * * *
SirDiesAlot's ghost hits you but does no damage.
Unknown command.
You hit SirDiesAlot's ghost.
You touch SirDiesAlot's ghost!
You sap its willpower!
SirDiesAlot's ghost is almost destroyed.
You are engulfed in whirling frost.
You die...

♣♣.....~~~..~.♣♣♣♣..~..~.~~.♣♣♣
♣♣~.....~~..~.~♣.~~...~~~§.♣♣
♣♣.~~..§§§§♣.§§§§§~~..~~~♣♣.♣♣
♣♣.~~.§♣§§§.§♣§§§§§~~.~♣♣.♣~..♣
♣~~~~.~♣§§§§§§§§§§§~~.♣♣♣~~~.~♣
♣♣~~~~~..§§§§§§§§§§§~~.~♣♣♣§♣♣♣♣
♣♣.§~~~~~~.§§§§§§§§§~~~.....~~...
♣~.~~~~~~~..§##W##§~~~~~~..<..~~~
♣♣...~~~..♣§~#§§@#♣.~~~~~.~~~.~~~
♣..~~~~~.♣♣♣##§##♣♣.~~~..~~~~.~~
♣♣.~~~~~.♣ ###♣~~.~§~...~~...~
♣♣.~~~~.♣♣ ♣♣~~..~~~.~~~~~..~
♣♣~.~~~.~♣ ♣♣.~~.~~~~~........
♣~..~.~.~♣ ♣~~~~~.~~~.♣♣~...~♣
♣♣.♣♣♣♣§♣♣ ♣..~~..♣♣♣♣♣♣♣♣~~.♣
♣.§.♣ ♣♣♣ ♣♣....~♣~♣♣ ♣.~~♣
♣♣§.♣♣ ♣♣♣.~~§..♣ ♣♣♣♣♣


You could see SirDiesAlot's ghost (vortex, weak-willed).

Vanquished Creatures
  2 thorn hunters (Swamp:4)
  3 slime creatures
  An orc warlord (Orc:2)
  3 eleionomae
  4 bunyips
  2 fire dragons (D:15)
  Erolcha (D:13)
  A shambling mangrove (Swamp:3)
  Harold (Lair:2)
  A ghost crab (Swamp:3)
  17 hydras
  4 boulder beetles
  A death knight (D:15)
  10 alligators
  3 two-headed ogres
  An ironbound frostheart (D:14)
  2 catoblepae
  3 centaur warriors
  3 tengu warriors
  A dancing weapon (Swamp:4)
  An orc high priest (Orc:2)
  A spriggan berserker (Swamp:4)
  Urug (Orc:2)
  2 skeletal warriors (D:15)
  2 skysharks
  8 goliath frogs
  4 spriggan druids
  5 bog bodies
  Pikel (D:5)
  A deep elf pyromancer (D:15)
  8 swamp dragons
  An arcanist (D:15)
  3 orc sorcerers
  7 manticores
  14 ugly things
  2 orc knights (Orc:2)
  The ghost of Maxmaps the Changeling, a novice OpSh (D:5)
  3 will-o-the-wisps
  5 cyclopes
  11 elephants
  3 gargoyles
  5 orange demons (D:15)
  4 black mambas
  2 torpor snails (Lair:5)
  6 cane toads
  Maggie (D:9)
  A kobold demonologist (D:12)
  Jeremiah (D:7)
  A rime drake (Lair:5)
  2 freezing wraiths (D:15)
  2 unseen horrors (D:11)
  3 trolls
  An efreet (D:15)
  11 komodo dragons
  A tengu conjurer (D:15)
  8 polar bears
  2 red devils (D:15)
  A queen bee (D:9)
  8 tyrant leeches
  10 hornets
  8 blink frogs
  Grinder (D:5)
  2 bloated husks (Swamp:2)
  4 wind drakes (Lair:5)
  9 dream sheep (Lair:5)
  A centaur simulacrum (D:13)
  6 spriggans
  Sigmund (D:6)
  A vampire (D:9)
  28 yaks
  A shadow (D:11)
  6 wraiths
  8 wyverns
  Eustachio (D:5)
  6 basilisks
  A human (D:14)
  11 vampire mosquitoes
  3 steam dragons
  13 swamp worms
  12 water moccasins
  11 swamp drakes
  30 orc warriors
  An ice beast (D:6)
  A black bear (D:6)
  5 wolves
  A sky beast (D:7)
  5 ogres
  3 centaurs (D:13)
  4 lemures (D:5)
  2 kobold brigands
  A nameless horror (Orc:1)
  12 bullfrogs
  4 scorpions
  4 wights (D:9)
  26 killer bees (D:9)
  6 electric eels
  6 howler monkeys
  5 jellies
  4 hounds
  19 orc priests
  2 sleepcaps (D:3)
  A gnoll bouda (D:5)
  21 orc wizards
  An iguana (D:4)
  10 adders
  16 gnolls
  2 shadow imps
  A white imp (D:5)
  A worm (D:5)
  4 dart slugs
  58 orcs
  7 endoplasms
  3 giant cockroaches
  A goblin (D:4)
  2 hobgoblins
  3 quokkas
  6 ball pythons
  8 bats
  3 frilled lizards
  22 kobolds
  5 rats
668 creatures vanquished.

Vanquished Creatures (collateral kills)
  An ice dragon (D:15)
  A hydra (Lair:5)
  A merfolk avatar (Lair:5)
  A ghost crab (Swamp:4)
  A boulder beetle (D:15)
  2 elephants (Lair:5)
  A cane toad (Lair:5)
  A troll (D:9)
  5 blink frogs
  A yak (D:9)
  A steam dragon (Lair:5)
  A swamp drake (D:9)
  A black bear (D:6)
  A centaur (D:10)
  A kobold brigand (D:7)
  A bullfrog (Lair:1)
  A howler monkey (D:7)
  3 orc priests
  Crazy Yiuf (D:7)
  An orc wizard (D:7)
  A shadow imp (D:7)
  3 orcs
  3 endoplasms (Lair:4)
  3 kobolds (D:7)
37 creatures vanquished.

Vanquished Creatures (others)
  A bloated husk (Swamp:1)
  A swamp drake (Swamp:3)
  An endoplasm (Lair:4)
  4 foxfires
7 creatures vanquished.

Grand Total: 712 creatures vanquished

Notes
Turn   | Place    | Note
-------+----------+-------------------------------------------
     0 | D:1      | serber55 the Demonspawn Ice Elementalist began the quest
                  | for the Orb.
     0 | D:1      | Reached XP level 1. HP: 13/13 MP: 3/3
   578 | D:2      | Gained mutation: You are partially covered in large bone
                  | plates. (SH +4) [demonic ancestry]
   578 | D:2      | Reached XP level 2. HP: 17/20 MP: 1/5
   751 | D:2      | Reached skill level 4 in Ice Magic
   824 | D:2      | Reached skill level 1 in Fighting
   824 | D:2      | Gained mutation: Your touch may inflict minor irresistible
                  | damage on your foes. [demonic ancestry]
   824 | D:2      | Reached XP level 3. HP: 26/26 MP: 1/6
   917 | D:2      | Learned a level 3 spell: Frozen Ramparts
  1118 | D:2      | Found a faded altar of an unknown god.
  1726 | D:3      | Found an ancient bone altar of Kikubaaqudgha.
  1752 | D:3      | Gained mutation: Your demonic aura sometimes causes spilled
                  | blood to erupt in flames. [demonic ancestry]
  1752 | D:3      | Reached XP level 4. HP: 14/32 MP: 0/7
  1953 | D:3      | Reached XP level 5. HP: 38/38 MP: 5/9
  2447 | D:4      | Gained mutation: Your spells are a little harder to cast,
                  | but a little more powerful. [potion of mutation]
  2447 | D:4      | Gained mutation: You have supernaturally acute eyesight.
                  | (SInv) [potion of mutation]
  2447 | D:4      | Gained mutation: You have a pair of small antennae on your
                  | head. [potion of mutation]
  2447 | D:4      | Gained mutation: Your spells are harder to cast, but more
                  | powerful. [potion of mutation]
  2452 | D:4      | Learned a level 3 spell: Ozocubu's Armour
  3000 | D:4      | Reached skill level 5 in Ice Magic
  3000 | D:4      | Gained mutation: Your touch may inflict irresistible damage
                  | on your foes. [demonic ancestry]
  3000 | D:4      | Reached XP level 6. HP: 46/46 MP: 1/10
  3447 | D:4      | Gained mutation: You are mostly covered in large bone
                  | plates. (SH +6) [demonic ancestry]
  3447 | D:4      | Reached XP level 7. HP: 52/52 MP: 6/12
  3571 | D:4      | Found Defeptif's Jewellery Shoppe.
  3872 | D:4      | Found Buamyzau's Tiny Tomes.
  4061 | D:5      | Entered Level 5 of the Dungeon
  4109 | D:5      | Noticed Pikel
  4119 | D:5      | Killed Pikel
  4120 | D:5      | Reached skill level 6 in Ice Magic
  4120 | D:5      | Gained mutation: You regenerate a little health from kills.
                  | [demonic ancestry]
  4120 | D:5      | Reached XP level 8. HP: 57/60 MP: 12/14
  4257 | D:5      | Noticed Eustachio
  4268 | D:5      | Killed Eustachio
  4269 | D:5      | Reached skill level 7 in Ice Magic
  4281 | D:5      | Noticed a two-headed ogre
  4290 | D:5      | Killed a two-headed ogre
  4291 | D:5      | Reached skill level 5 in Fighting
  4291 | D:5      | Reached skill level 5 in Dodging
  4291 | D:5      | Reached skill level 5 in Spellcasting
  4318 | D:5      | Gained mutation: Your demonic aura often causes spilled
                  | blood to erupt in flames. [demonic ancestry]
  4318 | D:5      | Reached XP level 9. HP: 66/68 MP: 12/16
  4735 | D:5      | Found a runed translucent door.
  4740 | D:5      | Noticed Maxmaps's ghost (novice OpSh)
  4752 | D:5      | Reached skill level 8 in Ice Magic
  4763 | D:5      | Killed Maxmaps's ghost
  4829 | D:5      | Noticed Grinder
  4836 | D:5      | Paralysed by Grinder for 2 turns
  4844 | D:5      | Paralysed by Grinder for 3 turns
  4848 | D:5      | Killed Grinder
  5142 | D:5      | Found Zihetij's Antique Armour Shop.
  5144 | D:5      | Found Azaox's Assorted Antiques.
  5148 | D:5      | Found Vappoleo's General Store.
  5236 | D:5      | Bought a scroll of identify for 28 gold pieces
  5236 | D:5      | Bought a potion of ambrosia for 112 gold pieces
  5420 | D:6      | Found Zin's Purification Station.
  5491 | D:6      | Noticed Sigmund
  5501 | D:6      | Killed Sigmund
  5726 | D:6      | Reached skill level 9 in Ice Magic
  5839 | D:6      | Found a staircase to the Ecumenical Temple.
  5851 | Temple   | Entered the Ecumenical Temple
  5952 | D:6      | Learned a level 4 spell: Summon Ice Beast
  6237 | D:6      | Reached skill level 1 in Summonings
  6339 | D:7      | Found Nelosaha's Distillery.
  6342 | D:7      | Bought a potion of curing for 42 gold pieces
  6346 | D:7      | Identified the +2 scale mail "Jecraez" {rPois rC- Str+4}
  6407 | D:7      | Gained mutation: You regenerate health from kills. [demonic
                  | ancestry]
  6407 | D:7      | Reached XP level 10. HP: 76/76 MP: 19/19
  6492 | D:7      | Noticed Jeremiah
  6509 | D:7      | Killed Jeremiah
  6635 | D:7      | Found Punniuhikh's Jewellery Shoppe.
  7364 | D:7      | Found Buuthral's Jewellery Emporium.
  7541 | D:7      | Found a runed translucent door.
  7542 | D:7      | Noticed Crazy Yiuf
  7550 | D:7      | Killed Crazy Yiuf
  7677 | D:8      | Found Siceom's Antique Weapon Shoppe.
  7989 | D:8      | Found an iron altar of Okawaru.
  8432 | D:9      | Noticed Maggie
  8444 | D:9      | Killed Maggie
  8474 | D:9      | Found Jir Usm's Book Shoppe.
  8523 | D:9      | Found an ornate altar of the Wu Jian Council.
  8527 | D:9      | Found a blossoming altar of Fedhas.
  8629 | Temple   | Became a worshipper of Vehumet
  8699 | D:9      | Found Cyluila's Jewellery Shoppe.
  8770 | D:9      | Reached skill level 1 in Polearms
  9009 | D:9      | Found Noimichish's Book Shoppe.
  9092 | D:9      | Reached * piety under Vehumet
  9092 | D:9      | Offered knowledge of Magic Dart by Vehumet.
  9169 | D:9      | Found Baiviv's Magic Scroll Shoppe.
  9173 | D:9      | Bought a scroll of identify for 22 gold pieces
  9192 | D:9      | Noticed a two-headed ogre
  9200 | D:9      | Killed a two-headed ogre
  9201 | D:9      | Gained mutation: Your touch may irresistibly damage your
                  | foes and sap their willpower. [demonic ancestry]
  9201 | D:9      | Reached XP level 11. HP: 86/86 MP: 16/22
  9237 | D:9      | Found Totasulo's General Store.
  9244 | D:9      | Bought a potion of brilliance for 56 gold pieces
  9370 | D:9      | Found a shadowy altar of Dithmenos.
  9670 | D:9      | Found a staircase to the Lair.
  9790 | D:10     | Entered Level 10 of the Dungeon
  9790 | D:10     | Found Wemu's Weapon Emporium.
 10317 | D:10     | Found a staircase to the Orcish Mines.
 10324 | D:10     | Offered knowledge of Poisonous Vapours by Vehumet.
 10340 | D:10     | Found Ominuerr's Armour Shoppe.
 10344 | D:10     | Reached ** piety under Vehumet
 10535 | D:10     | Noticed a two-headed ogre
 10545 | D:10     | Killed a two-headed ogre
 10900 | Lair:5   | Identified the "Jifryony"
 10900 | Orc:1    | Entered Level 1 of the Orcish Mines
 10910 | Orc:1    | Noticed an orc sorcerer
 10938 | Orc:1    | Killed an orc sorcerer
 10991 | Orc:2    | Entered Level 2 of the Orcish Mines
 11152 | Orc:2    | Noticed an orc high priest
 11310 | Orc:2    | Killed an orc high priest
 11311 | Orc:2    | Reached skill level 10 in Ice Magic
 11322 | Orc:2    | Noticed an orc sorcerer
 11330 | Orc:2    | Killed an orc sorcerer
 11343 | Orc:2    | Noticed an orc knight
 11355 | Orc:2    | Killed an orc knight
 11416 | Orc:2    | Noticed an orc warlord
 11474 | Orc:2    | Noticed an orc knight
 11480 | Orc:2    | Killed an orc knight
 11540 | Orc:2    | Killed an orc warlord
 11541 | Orc:2    | Gained mutation: You are completely covered in large bone
                  | plates. (SH +8) [demonic ancestry]
 11541 | Orc:2    | Reached XP level 12. HP: 65/95 MP: 19/24
 11608 | Orc:2    | Noticed Urug
 11621 | Orc:2    | Killed Urug
 11717 | Orc:2    | Found Dih Urif's Antique Armour Boutique.
 11720 | Orc:2    | Offered knowledge of Scorch by Vehumet.
 11892 | Orc:2    | Found a staircase to the Elven Halls.
 11981 | Orc:2    | Found Rylol's Self-Improvement Boutique.
 12042 | Orc:2    | Reached skill level 5 in Polearms
 12228 | Orc:2    | Found Rymamisu's Antique Weapon Boutique.
 12243 | Orc:2    | Found Ogicuv's Book Boutique.
 12259 | Orc:2    | Found Tuoful's General Store.
 12266 | Orc:2    | Bought a scroll of identify for 24 gold pieces
 12499 | D:7      | Bought the amulet "Kotrenan" {Reflect Int+2 SH+5} for 494
                  | gold pieces
 12644 | Lair:1   | Entered Level 1 of the Lair of Beasts
 12681 | Lair:1   | Reached *** piety under Vehumet
 13224 | Lair:1   | Noticed a boulder beetle
 13347 | Lair:1   | Killed a boulder beetle
 13781 | Lair:2   | Offered knowledge of Mephitic Cloud by Vehumet.
 13831 | Lair:2   | Reached skill level 10 in Fighting
 13835 | Lair:2   | Reached skill level 11 in Ice Magic
 13924 | Lair:2   | Found a staircase to the Snake Pit.
 14032 | Lair:2   | Noticed Harold
 14040 | Lair:2   | Reached **** piety under Vehumet
 14043 | Lair:2   | Killed Harold
 14056 | Lair:2   | Reached XP level 13. HP: 103/103 MP: 26/26
 14232 | Lair:2   | Offered knowledge of Hailstorm by Vehumet.
 14254 | Lair:2   | Learned a level 3 spell: Hailstorm
 14351 | Lair:2   | Identified the +2 dagger "Tuohob" {heavy, rElec}
 14832 | Lair:3   | Found a staircase to the Swamp.
 15547 | Lair:4   | Found a staircase to the Slime Pits.
 15573 | Lair:4   | Reached skill level 10 in Spellcasting
 15579 | Lair:4   | Reached skill level 10 in Dodging
 16390 | Lair:5   | Entered Level 5 of the Lair of Beasts
 16403 | Lair:5   | Reached skill level 1 in Armour
 16475 | Lair:5   | Reached ***** piety under Vehumet
 16477 | Lair:5   | Offered knowledge of Iskenderun's Battlesphere by Vehumet.
 17059 | Lair:5   | Reached skill level 12 in Ice Magic
 17059 | Lair:5   | Reached XP level 14. HP: 113/113 MP: 28/28
 19723 | D:12     | You fall into a shaft and drop 1 floor!
 19770 | D:13     | Offered knowledge of Ozocubu's Refrigeration by Vehumet.
 19779 | D:13     | Learned a level 7 spell: Ozocubu's Refrigeration
 20001 | D:13     | Noticed Erolcha
 20010 | D:13     | Killed Erolcha
 20014 | D:13     | Identified the +3 leather armour "Weliwiji" {Will+}
 20966 | D:14     | Reached skill level 5 in Armour
 21713 | D:14     | Found a gate to the Vaults.
 21750 | D:15     | Entered Level 15 of the Dungeon
 21902 | D:15     | Learned a level 5 spell: Freezing Cloud
 22516 | D:15     | Gained mutation: Your demonic aura causes all spilled blood
                  | to erupt in flames. [demonic ancestry]
 22516 | D:15     | Reached XP level 15. HP: 114/122 MP: 30/30
 23326 | D:15     | Reached skill level 13 in Ice Magic
 23392 | D:15     | Found a staircase to the Depths.
 23587 | D:15     | Offered knowledge of Irradiate by Vehumet.
 23983 | Swamp:1  | Entered Level 1 of the Swamp
 26269 | Swamp:2  | Reached skill level 10 in Polearms
 27529 | Swamp:3  | Found Haab's Island Escapes.
 28685 | Swamp:3  | Reached XP level 16. HP: 121/131 MP: 32/32
 28762 | Swamp:4  | Entered Level 4 of the Swamp
 28941 | Swamp:4  | Found a runed translucent door.
 28965 | Swamp:4  | Found a shimmering altar of Xom.
 28965 | Swamp:4  | Noticed SirDiesAlot's ghost (adept BaIE)
 29106 | Swamp:4  | Offered knowledge of Bombard by Vehumet.
 29350 | Swamp:4  | Identified the +4 chain mail of Peek-a-Boo {rElec Will-
                  | Int+6}
 29729 | Swamp:4  | Noticed a thorn hunter
 29746 | Swamp:4  | Killed a thorn hunter
 30467 | Swamp:4  | Noticed a thorn hunter
 30471 | Swamp:4  | Killed a thorn hunter
 31045 | Swamp:4  | Got a decaying rune of Zot
 31062 | Swamp:4  | Reached skill level 14 in Ice Magic
 31361 | Swamp:4  | HP: 4/132 [SirDiesAlot's ghost/vortex (18)]
 31364 | Swamp:4  | Killed from afar by SirDiesAlot's ghost

Illustrated notes

Levels and vault maps discovered:
D:1:      wander_arrival_lonely_grave, layout_rooms
D:2:      layout_loops_ring, shapermc_ecumenical_altar_hornbeckon
D:3:      layout_loops_cross, overflow_temple_1_default, hellmonk_no_cap
D:4:      layout_gridville, serial_shops, shop, kennysheep_decorative_pillar,
          nicolae_shop_i_like_small_books_too, bh_walls_and_bars
D:5:      layout_loops_ring, ebering_ghost_sewer_d, nicolae_wooded_promenade,
          uniq_grinder, uniq_pikel, uniq_eustachio
D:6:      layout_basic, zin_purify, minmay_temple_entry_proselytizer,
          serial_rivers, chequers_serial_rivers_room_a,
          chequers_serial_rivers_small_b, chequers_serial_rivers_micro_e,
          chequers_serial_rivers_room_b, chequers_serial_rivers_small_3,
          nicolae_concentric_dashed_squares_wild, uniq_sigmund
D:7:      layout_layer_cave, serial_shops, nicolae_stop_n_shop_1,
          nicolae_stop_n_shop_1, nicolae_shop_behind_doors, uniq_jeremiah,
          uniq_crazy_yiuf_cottage
D:8:      layout_gridville, old_standard_altar, serial_shops,
          nicolae_shop_real_fake_doors
D:9:      layout_long_grid, kennysheep_little_box, grunt_temple_overflow_open,
          erik_lair_dragon, serial_shops, nicolae_stop_n_shop_1, shop, shop,
          nicolae_shop_statue_plus, shop, special_room [special_room_bee],
          uniq_maggie
D:10:     layout_basic, orc_david_3, serial_shops, nicolae_stop_n_shop_2,
          chequers_serial_rivers_small_3
D:11:     layout_basic
D:12:     layout_loops_ring
D:13:     layout_stronghold, minmay_hedge_maze, uniq_erolcha
D:14:     layout_loops_ring, hellmonk_vaults_keyhole
D:15:     grunt_enter_depths_hoard, layout_small_grid,
          minmay_misc_feat_nine_boxes, special_room [special_room_orc],
          minmay_beelzebubs_servants
Temple:   regret_index_temple_sphere_string
Lair:1:   layout_long_grid, pdpol_lair_cavern_descent
Lair:2:   layout_loops_ring, dummy_snake_entry, cheibrodos_lair_lostbears,
          uniq_harold
Lair:3:   layout_small_grid, skrybe_swamp_entry_bodies,
          infiniplex_staircase_pool_2
Lair:4:   layout_cave_pods, nicolae_slime_entry_slimehenge, serial_bayou_shore_b
Lair:5:   gammafunk_lair_ancient_temple, layout_misc_corridors, serial_forest,
          infiniplex_forest_clump_small, infiniplex_forest_clump_diagonal,
          infiniplex_forest_end_1, infiniplex_forest_join,
          infiniplex_forest_straight_2, infiniplex_forest_clump_small
Swamp:1:  layout_basic_swamp, evilmike_swamp_ruin_house_1, swamp_pool1,
          nicolae_swamp_small_spring, infiniplex_staircase_pool
Swamp:2:  layout_falls_marsh, serial_swamp_ruin, hangedman_swamp_ruin_wall,
          evilmike_swamp_ruin_house_4, evilmike_swamp_ruin_rubble_2,
          nicolae_swamp_alligator_family
Swamp:3:  layout_basic_swamp, evilmike_swamp_ruin_house_2,
          nicolae_island_escapes
Swamp:4:  swamp_basic_johnstein, layout_basic_swamp, ebering_ghost_xom
Orc:1:    layout_diamond_mine
Orc:2:    grunt_orc_cross, layout_caves, nicolae_shop_self_help

Skill      XL: |  1  2  3  4  5  6  7  8  9 10 11 12 13 14 15 16 |
---------------+-------------------------------------------------+-----
Dodging        | 2 3 4 5 6 7 8 9 10 | 10.0
Ice Magic      | 4 5 6 7 9 10 11 12 13 14 | 14.0
Fighting       | 1 2 3 4 5 6 7 9 10 11 12 13 | 13.9
Spellcasting   | 3 4 5 6 7 8 9 10 11 12 | 12.9
Summonings     | 1 3 |  3.0
Polearms       | 2 4 6 7 9 10 11 | 11.0
Armour         | 3 5 7 8 |  8.3
Stealth        | |  1.7

Action                     |  1- 3 |  4- 6 |  7- 9 | 10-12 | 13-15 | 16-18 || total
---------------------------+-------+-------+-------+-------+-------+-------++-------
  Melee: Staff             |    65 |    51 |       |       |       |       ||   116
         Touch             |     6 |    13 |    15 |    69 |   115 |    13 ||   231
         Whip              |       |    15 |    81 |       |       |       ||    96
         Punch             |       |     1 |     3 |     6 |     6 |       ||    16
         Halberd           |       |       |    32 |       |       |       ||    32
         Trident           |       |       |       |   200 |       |       ||   200
         Demon trident     |       |       |       |   146 |   676 |    80 ||   902
  Throw: Dart              |       |     1 |     6 |    21 |    10 |     1 ||    39
   Cast: Freeze            |    20 |     5 |    11 |     7 |       |       ||    43
         Frozen Ramparts   |     3 |    13 |    24 |    77 |    58 |       ||   175
         Ozocubu's Armour  |       |     5 |    17 |    63 |    67 |     4 ||   156
         Summon Ice Beast  |       |       |       |    28 |    25 |     2 ||    55
         Hailstorm         |       |       |       |       |    23 |     1 ||    24
         Ozocubu's Refrige |       |       |       |       |   146 |    68 ||   214
  Evoke: Wand              |       |       |       |     5 |     3 |     5 ||    13
    Use: Potion            |       |     2 |       |       |     6 |     3 ||    11
         Scroll            |       |    10 |     7 |     4 |     5 |     2 ||    28
   Stab: Sleeping          |     4 |     4 |     5 |     7 |    11 |       ||    31
         Distracted        |       |       |     1 |       |     3 |       ||     4
 Armour: Robe              |    50 |    35 |    47 |     3 |       |       ||   135
         Steam dragon scal |       |       |       |   149 |   138 |       ||   287
         Leather armour    |       |       |       |       |    98 |       ||    98
         Swamp dragon scal |       |       |       |       |    26 |    74 ||   100
  Dodge: Dodged            |    53 |    29 |    52 |   239 |   308 |    63 ||   744
  Block: Other             |    12 |     9 |    28 |    93 |   296 |    47 ||   485
         Reflection        |       |       |       |       |    17 |     1 ||    18

Table legend: (Time is in decaauts)
 A = Elapsed time spent in this place.
 B = Non-inter-level travel time spent in this place.
 C = Inter-level travel time spent in this place.
 D = Time resting spent in this place.
 E = Time spent auto-exploring this place.
 F = Levels seen in this place.
 G = Mean time per level.
                   A        B        C        D        E       F      G
               +--------+--------+--------+--------+--------+-----+--------+
         Total |  31710 |  30095 |   1615 |   7363 |  17495 |  27 | 1174.4 |
       Dungeon |  16858 |  15814 |   1044 |   2491 |  10535 |  15 | 1123.9 |
        Temple |    133 |     53 |     80 |      0 |      0 |   1 |  133.0 |
          Lair |   5610 |   5303 |    307 |    731 |   3473 |   5 | 1122.0 |
         Swamp |   7580 |   7445 |    135 |   3703 |   2930 |   4 | 1895.0 |
  Orcish Mines |   1527 |   1480 |     47 |    438 |    556 |   2 |  763.5 |
               +--------+--------+--------+--------+--------+-----+--------+

Top non-repeatable levels by time:
 Swamp:4: 2505 daAuts
    D:15: 2003 daAuts
 Swamp:2: 1798 daAuts
 Swamp:1: 1729 daAuts
     D:4: 1596 daAuts
 Swamp:3: 1547 daAuts
  Lair:5: 1478 daAuts
     D:9: 1469 daAuts
     D:7: 1429 daAuts
  Lair:4: 1373 daAuts
     D:5: 1331 daAuts
  Lair:1: 1248 daAuts
   Orc:2: 1188 daAuts
    D:10: 1169 daAuts
     D:3: 1028 daAuts
